 Dungeon Crawl Stone Soup version 0.30.1-9-gdf580d7c3d (webtiles) character file.

Game seed: 14941797740170270749

96198 Peloso the Peltast (level 15, 0/136 HPs)
             Began as a Minotaur Fighter on Sept 24, 2023.
             Was a High Priest of Okawaru.
             Slain by a bunyip (16 damage)
             ... on level 1 of the Swamp.
             The game lasted 01:03:29 (29964 turns).

Peloso the Peltast (Minotaur Fighter)              Turns: 29964, Time: 01:03:30

Health: 0/136      AC: 29    Str: 26    XL:     15   Next: 68%
Magic:  16/16      EV: 10    Int:  5    God:    Okawaru [*****.]
Gold:   1356       SH: 22    Dex: 18    Spells: 14/14 levels left

rFire   + . .        c - +3 scimitar (flame)
rCold   . . .        d - +0 tower shield {reflect}
rNeg    . . .        w - +9 plate armour of Zoggea {Will+ Str+3 Stlth+}
rPois   .            (helmet restricted)
rElec   .            G - +1 cloak {rCorr}
rCorr   +            N - +0 pair of gloves {Dex+3}
SInv    .            (no boots)
Will    ++...        (no amulet) Stlth
                     g - ring of protection from fire
HPRegen 0.42/turn    t - ring of flight
MPRegen 0.15/turn

%: reflection
@: flying
A: horns 2, retaliatory headbutt
a: Renounce Religion, Heroism, Finesse, Duel


You were on level 1 of the Swamp.
You worshipped Okawaru.
Okawaru was extremely pleased with you.
You visited 6 branches of the dungeon, and saw 25 of its levels.
You also visited: Bailey.

You collected 1869 gold pieces.
You spent 513 gold pieces at shops.

Inventory:

Hand Weapons
 a - a +4 long sword of electrocution
 b - a +3 long sword
 c - a +3 scimitar of flaming (weapon)
Armour
 d - a +0 tower shield of reflection (worn)
 w - the +9 plate armour of Zoggea (worn) {Will+ Str+3 Stlth+}
   (Okawaru gifted it to you on level 1 of the Lair of Beasts)

   Str:       It affects your strength (+3).
   Will:      It increases your willpower.
   Stlth:     It makes you more stealthy.
 G - a +1 cloak of preservation (worn)
 N - a +0 pair of gloves of dexterity (worn)
Jewellery
 g - a ring of protection from fire (left hand)
 t - a ring of flight (right hand)
 y - a ring of see invisible
 R - a ring of protection from fire
 W - a ring of ice
Wands
 H - a wand of flame (10)
Scrolls
 e - 4 scrolls of magic mapping
 f - 10 scrolls of teleportation
 n - 4 scrolls of fog
 C - 6 scrolls of fear
 E - 2 scrolls of blinking
 I - 5 scrolls of poison
 K - 5 scrolls of identify
 M - 2 scrolls of immolation
 S - 3 scrolls of summoning
Potions
 h - a potion of berserk rage
 j - 8 potions of curing
 l - 10 potions of haste
 m - a potion of resistance
 p - 4 potions of flight
 x - 2 potions of lignification
 B - 6 potions of might
 F - 8 potions of heal wounds
 L - 2 potions of invisibility


   Skills:
 + Level 13.6 Fighting
 + Level 16.8 Long Blades
 + Level 2.6 Maces & Flails
 + Level 14.6 Armour
 + Level 6.1 Dodging
 + Level 2.4 Stealth
 + Level 20.4 Shields
 + Level 2.8 Invocations
 + Level 2.4 Evocations


You had 14 spell levels left.
You didn't know any spells.
Your spell library contained the following spells:

 Spells                   Type           Power      Damage    Failure   Level
 Apportation              Tloc           0%         N/A       99%         1
 Beastly Appendage        Tmut           0%         N/A       99%         1
 Freeze                   Ice            0%         1d3       99%         1
 Magic Dart               Conj           0%         1d3       99%         1
 Necrotise                Necr           0%         1d4       99%         1
 Blink                    Tloc           0%         N/A       100%        2
 Cigotuvi's Dreadful Rot  Necr/Pois/Air  0%         N/A       100%        2
 Ensorcelled Hibernation  Hex/Ice        0%         N/A       100%        2
 Passwall                 Tmut/Erth      0%         N/A       100%        2
 Scorch                   Fire           0%         2d5       100%        2
 Searing Ray              Conj           0%         2d4       100%        2
 Sublimation of Blood     Necr           0%         N/A       100%        2
 Wereblood                Tmut           0%         N/A       100%        2
 Frozen Ramparts          Ice            0%         1d1       100%        3
 Hailstorm                Conj/Ice       0%         3d3       100%        3
 Ignite Poison            Fire/Tmut/Pois 0%         N/A       100%        3
 Inner Flame              Hex/Fire       0%         N/A       100%        3
 Spider Form              Tmut/Pois      0%         N/A       100%        3
 Stone Arrow              Conj/Erth      0%         3d7       100%        3
 Swiftness                Air            0%         N/A       100%        3
 Vhi's Electric Charge    Tloc/Air       0%         N/A       100%        3
 Flame Wave               Conj/Fire      0%         2d4       100%        4
 Fulminant Prism          Conj/Hex       0%         3d5       100%        4
 Manifold Assault         Tloc           0%         N/A       100%        4
 Passage of Golubria      Tloc           0%         N/A       100%        4
 Petrify                  Tmut/Erth      0%         N/A       100%        4
 Sticky Flame             Conj/Fire      0%         2d3       100%        4
 Arcjolt                  Conj/Air       0%         1d10      100%        5
 Freezing Cloud           Conj/Ice/Air   0%         6-21      100%        5
 Irradiate                Conj/Tmut      0%         3d11      100%        5
 Silence                  Hex/Air        0%         N/A       100%        5
 Yara's Violent Unravell  Hex/Tmut       0%         3d3       100%        5
 Plasma Beam              Fire/Air       0%         2x1d11    100%        6
 Statue Form              Tmut/Erth      0%         N/A       100%        6
 Enfeeble                 Hex            0%         N/A       100%        7
 Storm Form               Tmut/Air       0%         N/A       100%        7
 Ignition                 Fire           0%         3d3       100%        8
 Lehudib's Crystal Spear  Conj/Erth      0%         10d2      100%        8
 Summon Small Mammal      Summ           Unusable   N/A       N/A         1
 Call Canine Familiar     Summ           Unusable   N/A       N/A         3
 Summon Guardian Golem    Hex/Summ       Unusable   N/A       N/A         3
 Summon Cactus Giant      Summ           Unusable   N/A       N/A         6

Dungeon Overview and Level Annotations

Branches:
Dungeon (15/15)            Temple (1/1) D:4            Lair (5/5) D:9
  Swamp (1/4) Lair:2       Spider (0/4) Lair:3        Slime (0/5) Lair:5
    Orc (2/2) D:11            Elf (1/3) Orc:2        Vaults (0/5) D:14
 Depths (0/4) D:15         Bailey (visited)

Altars:
Ashenzari
Cheibriados
Dithmenos
Elyvilon
Fedhas
Gozag
Hepliaklqana
Kikubaaqudgha
Makhleb
Nemelex Xobeh
Okawaru
Qazlal
Ru
Sif Muna
Trog
Uskayaw
Vehumet
Wu Jian
Xom
Yredelemnul
Zin
The Shining One
Jiyva

Shops:
D:2 (   D:8 *   D:14 *   Orc:2 :[?!

Portals:
Pandemonium: Orc:2

Annotations:
Lair:4 Casa


Innate Abilities, Weirdness & Mutations

You have a pair of horns on your head.
You reflexively headbutt those who attack you in melee.


Message History

The four-headed hydra bites you but does no damage.
You barely miss the four-headed hydra. You headbutt the four-headed hydra.
The four-headed hydra is almost dead.
The eleionoma flows through the trees.
You block the four-headed hydra's attack.
The four-headed hydra barely misses you.
The four-headed hydra bites you!
* * * LOW HITPOINT WARNING * * *
You block the four-headed hydra's attack.
You hack one of the four-headed hydra's heads off!
The flame cauterises the wound!
You slash the three-headed hydra! You burn the three-headed hydra.
You kill the three-headed hydra!
Okawaru accepts your kill.
The eleionoma splashes around in the water.
Unknown command.
You completely miss the bunyip.
You headbutt the bunyip, but do no damage.
The eleionoma hits you but does no damage.
Unknown command.
You slash the bunyip! You burn the bunyip. You headbutt the bunyip!
The bunyip is moderately wounded.
You block the bunyip's attack. x2; The bunyip barely misses you.
The eleionoma hits you but does no damage.
Unknown command.
You slice the bunyip!! You burn the bunyip!
The bunyip is severely wounded.
Unknown command.
You slash the bunyip! You burn the bunyip. Your headbutt misses the bunyip.
The bunyip is almost dead.
The eleionoma hurls a spray of splinters at you.
The spray of wooden splinters hits you!
* * * LOW HITPOINT WARNING * * *
Unknown command.
You hit the bunyip. You burn the bunyip.
The bunyip is almost dead.
The eleionoma splashes around in the water.
The bunyip claws you but does no damage.
You block the bunyip's attack. The bunyip claws you!
You die...

.~.~.~♣.♣
.~.~~.~.♣♣
~~~~.~~.$♣
♣..~~~~~.♣
♣..[~~~.♣
♣.~~~~~.♣♣
♣.♣~.~~x~♣
♣~§..~@.♣
♣.~..~~R♣♣.~~
♣..♣.<~~......
♣. ♣♣.~.♣♣...§
♣♣..♣ ..~
.~..♣ ~.
♣~.... ♣
♣♣.~..♣ ♣~.♣♣


You could see a bunyip and an eleionoma.

Vanquished Creatures
  Kirke (D:15)
  A fire giant (D:15)
  A fire dragon (Lair:5)
  2 vault guards (Bailey)
  Erolcha (Orc:2)
  2 demonspawn (Orc:2)
  7 hydras
  2 ogre magi
  7 two-headed ogres
  2 boulder beetles
  8 death yaks
  A tengu warrior (D:15)
  6 orc high priests (Orc:2)
  A soul eater (Orc:1)
  Amaemon (D:9)
  4 skeletal warriors (D:15)
  A skyshark (Lair:5)
  A fire crab (shapeshifter) (D:14)
  A swamp dragon (Lair:5)
  A phantasmal warrior (Lair:4)
  4 deep elf pyromancers
  7 orc knights
  A deep elf zephyrmancer (Elf:1)
  5 manticores
  6 orc sorcerers
  5 ugly things
  6 cyclopes
  9 elephants
  10 black mambas
  Maggie (D:8)
  Maurice (D:9)
  2 gargoyles
  3 unseen horrors
  An orange demon (D:9)
  A kobold demonologist (D:14)
  A freezing wraith (D:14)
  17 cane toads
  8 rime drakes
  4 yaktaurs (D:15)
  An efreet (D:13)
  2 torpor snails
  3 komodo dragons
  3 tengu conjurers
  8 trolls
  5 hornets (D:11)
  A queen bee (shapeshifter) (D:14)
  Prince Ribbit (Bailey)
  A tyrant leech (Swamp:1)
  A tarantella (shapeshifter) (D:14)
  12 blink frogs
  2 dream sheep (Lair:2)
  15 slime creatures
  A vampire (D:9)
  34 yaks
  A shadow (D:11)
  2 wraiths
  2 wyverns
  4 basilisks
  2 hogs (D:15)
  10 humans
  A neqoxec (Orc:2)
  The ghost of VerbalBBQ the Shield-Bearer, an amateur FoFi (D:3)
  3 redbacks (Lair:3)
  5 vampire mosquitoes (D:11)
  4 wargs
  Menkaure (D:6)
  2 steam dragons
  7 acid dragons
  A floating eye (D:11)
  19 water moccasins
  A floating eye (shapeshifter) (D:15)
  36 orc warriors
  2 sky beasts
  5 black bears
  2 ice beasts (D:7)
  3 ogres
  15 wolves
  8 centaurs
  2 phantoms (D:6)
  4 kobold brigands
  22 bullfrogs
  4 scorpions
  A gnoll sergeant (D:12)
  14 wights
  8 killer bees
  9 howler monkeys
  7 hounds
  A gnoll bouda (D:6)
  26 orc priests
  4 jellies (Lair:5)
  2 sleepcaps
  12 orc wizards
  8 iguanas
  17 gnolls
  5 adders
  2 shadow imps
  A white imp (D:7)
  An ufetubus (D:5)
  3 worms
  67 orcs
  6 ball pythons
  2 bats (D:1)
  11 endoplasms
  7 giant cockroaches
  17 goblins
  13 hobgoblins
  2 jackals (D:2)
  22 kobolds
  7 quokkas
  5 frilled lizards
  9 rats
691 creatures vanquished.

Vanquished Creatures (others)
  Nessos (Orc:2)
  An orc wizard (D:7)
  2 orcs (D:9)
  A kobold (D:7)
5 creatures vanquished.

Grand Total: 696 creatures vanquished

Notes
Turn   | Place    | Note
-------+----------+-------------------------------------------
     0 | D:1      | Peloso the Minotaur Fighter began the quest for the Orb.
     0 | D:1      | Reached XP level 1. HP: 19/19 MP: 0/0
   154 | D:1      | Reached XP level 2. HP: 21/27 MP: 1/1
   280 | D:1      | Reached skill level 4 in Shields
   401 | D:1      | Found a faded altar of an unknown god.
   630 | D:2      | Reached XP level 3. HP: 23/33 MP: 2/2
   799 | D:2      | HP: 1/33 [gnoll/+0 club (1)]
   801 | D:2      | Reached skill level 1 in Dodging
   801 | D:2      | Reached XP level 4. HP: 2/40 MP: 3/3
  1251 | D:2      | Found Syzimoomy's Weapon Boutique.
  1448 | D:2      | Reached skill level 5 in Armour
  1529 | D:3      | Noticed VerbalBBQ's ghost (amateur FoFi)
  1758 | D:3      | Found a runed translucent door.
  1909 | D:4      | Found a staircase to the Ecumenical Temple.
  1924 | Temple   | Entered the Ecumenical Temple
  1977 | Temple   | Became a worshipper of Warmaster Okawaru
  2067 | D:4      | Reached XP level 5. HP: 46/46 MP: 4/4
  2525 | D:4      | Reached XP level 6. HP: 14/53 MP: 5/5
  2868 | D:5      | Entered Level 5 of the Dungeon
  3085 | D:5      | Reached skill level 5 in Long Blades
  3258 | D:5      | Found an ancient bone altar of Kikubaaqudgha.
  3322 | D:5      | Reached skill level 5 in Shields
  3322 | D:5      | Reached XP level 7. HP: 50/60 MP: 6/6
  3384 | D:5      | Reached * piety under Okawaru
  3385 | D:5      | Reached skill level 5 in Fighting
  4045 | D:6      | Reached ** piety under Okawaru
  4046 | D:6      | Reached XP level 8. HP: 69/69 MP: 7/7
  4101 | D:6      | Noticed Menkaure
  4299 | D:7      | Reached skill level 1 in Stealth
  4423 | D:6      | Killed Menkaure
  4933 | D:6      | Reached skill level 6 in Shields
  5125 | D:6      | Noticed a troll
  5166 | D:6      | Killed a troll
  5563 | D:7      | Reached XP level 9. HP: 53/75 MP: 8/8
  6287 | D:7      | Reached *** piety under Okawaru
  6313 | D:7      | Reached skill level 7 in Shields
  7149 | D:8      | Noticed Maggie
  7162 | D:8      | Killed Maggie
  7201 | D:7      | Reached skill level 1 in Evocations
  7217 | D:7      | Reached skill level 8 in Shields
  7423 | D:8      | Found Niyxtufula's Demolitions Depot.
  7766 | D:8      | Reached skill level 1 in Invocations
  7919 | D:8      | Reached XP level 10. HP: 81/82 MP: 9/9
  7960 | D:8      | Reached skill level 9 in Shields
  8085 | D:8      | Identified the +4 ring mail "Rimar" {Str-3 Int+3 Dex+2}
  8211 | D:8      | Reached **** piety under Okawaru
  8479 | D:9      | Noticed a two-headed ogre
  8490 | D:9      | Killed a two-headed ogre
  8491 | D:9      | Reached skill level 10 in Long Blades
  8497 | D:9      | Noticed Maurice
  8523 | D:9      | Killed Maurice
  8524 | D:9      | Reached skill level 10 in Shields
  8622 | D:9      | Found a flagged portal.
  8636 | Bailey   | Entered a bailey
  8671 | Bailey   | Received a gift from Okawaru
  8971 | Bailey   | Noticed a vault guard
  8975 | Bailey   | Noticed Prince Ribbit
  8991 | Bailey   | Killed a vault guard
  9014 | Bailey   | Killed Prince Ribbit
  9015 | Bailey   | Reached XP level 11. HP: 45/93 MP: 11/11
  9163 | Bailey   | Noticed a vault guard
  9176 | Bailey   | Killed a vault guard
  9177 | Bailey   | Reached skill level 10 in Armour
  9177 | Bailey   | Reached skill level 11 in Shields
  9674 | D:9      | Noticed Amaemon
  9696 | D:9      | Killed Amaemon
  9944 | D:9      | Reached ***** piety under Okawaru
 10057 | D:9      | Noticed a two-headed ogre
 10058 | D:9      | Noticed a deep elf pyromancer
 10069 | D:9      | Killed a two-headed ogre
 10076 | D:9      | Killed a deep elf pyromancer
 10079 | D:9      | Noticed a two-headed ogre
 10085 | D:9      | Killed a two-headed ogre
 10085 | D:9      | Identified the +0 plate armour "Eroimp" {+Blink Regen+
                  | Str-2 Int+6} (Okawaru gifted it to you on level 9 of the
                  | Dungeon)
 10085 | D:9      | Received a gift from Okawaru
 10090 | D:9      | Noticed a deep elf pyromancer
 10091 | D:9      | Reached skill level 12 in Shields
 10102 | D:9      | Killed a deep elf pyromancer
 10427 | D:9      | Found a staircase to the Lair.
 10614 | D:10     | Entered Level 10 of the Dungeon
 11572 | D:11     | Noticed a two-headed ogre
 11580 | D:11     | Killed a two-headed ogre
 11759 | D:11     | Noticed an orc knight
 11772 | D:11     | Reached XP level 12. HP: 95/103 MP: 12/12
 11800 | D:11     | Found a staircase to the Orcish Mines.
 12131 | D:11     | Identified the +9 flail "Wunn" {flame, rElec Will+ Int+3
                  | Dex+2}
 12263 | D:11     | Identified the +5 ring mail "Otil" {rCorr}
 12274 | D:11     | Reached skill level 13 in Shields
 12328 | D:11     | Got the Tractate on the Boreal Mesa
 12373 | D:11     | Noticed a boulder beetle
 12427 | D:11     | Killed a boulder beetle
 12541 | D:11     | Noticed an ogre mage
 12542 | D:11     | Paralysed by an ogre mage for 3 turns
 12550 | D:11     | Killed an ogre mage
 12557 | D:11     | Paralysed by a floating eye for 4 turns
 12580 | D:11     | Paralysed by a floating eye for 2 turns
 12594 | D:11     | Paralysed by a hornet for 3 turns
 12923 | Lair:1   | Entered Level 1 of the Lair of Beasts
 13000 | Lair:1   | Identified the +9 plate armour of Zoggea {Will+ Str+3
                  | Stlth+} (Okawaru gifted it to you on level 1 of the Lair of
                  | Beasts)
 13000 | Lair:1   | Received a gift from Okawaru
 13061 | Lair:1   | Reached skill level 14 in Shields
 13139 | Lair:1   | Reached skill level 5 in Dodging
 14020 | Lair:2   | Reached skill level 10 in Fighting
 14424 | Lair:2   | Noticed an eight-headed hydra
 14510 | D:12     | Noticed a boulder beetle
 14523 | D:12     | Killed a boulder beetle
 14524 | D:12     | Reached skill level 15 in Shields
 14760 | D:12     | Reached XP level 13. HP: 92/113 MP: 13/13
 15954 | Lair:2   | Received a gift from Okawaru
 15955 | Lair:2   | Reached skill level 1 in Maces & Flails
 16409 | Lair:2   | Found a staircase to the Swamp.
 16916 | Lair:3   | Reached skill level 16 in Shields
 17206 | Lair:3   | Found a hole to the Spider Nest.
 18290 | Lair:4   | Reached skill level 17 in Shields
 18387 | Lair:4   | Identified the +0 pair of gloves "Zemihuatz" {*Slow rCorr
                  | Int+8 Stlth+} (Okawaru gifted it to you on level 4 of the
                  | Lair of Beasts)
 18387 | Lair:4   | Received a gift from Okawaru
 18388 | Lair:4   | Reached skill level 15 in Long Blades
 18769 | Lair:4   | Reached ****** piety under Okawaru
 18777 | Lair:4   | Reached XP level 14. HP: 111/124 MP: 14/14
 19038 | Lair:4   | Found a runed translucent door.
 19503 | Orc:1    | Entered Level 1 of the Orcish Mines
 19793 | Orc:2    | Entered Level 2 of the Orcish Mines
 19793 | Orc:2    | Noticed Nessos
 19798 | Orc:2    | Killed Nessos
 20264 | Orc:2    | Noticed Erolcha
 20297 | Orc:2    | Killed Erolcha
 20416 | Orc:2    | Found a staircase to the Elven Halls.
 20653 | Orc:2    | Found Cynifaeg's Magic Scroll Shoppe.
 20654 | Orc:2    | Found Bucwanur's Distillery.
 21238 | Orc:2    | Reached skill level 18 in Shields
 21258 | Orc:2    | Bought a potion of might for 64 gold pieces
 21549 | Orc:2    | Paralysed by an orc sorcerer for 3 turns
 22242 | Orc:2    | Received a gift from Okawaru
 22248 | Orc:2    | HP: 3/116 [orc sorcerer/bolt of negative energy (21)]
 22700 | Orc:2    | Found Laoluniz's Antique Armour Boutique.
 22700 | Orc:2    | Found Alumoyst's Book Shop.
 22701 | Orc:2    | Found a one-way gate leading to the halls of Pandemonium.
 22728 | Orc:2    | Bought an embroidered scarf for 232 gold pieces
 22737 | Orc:2    | Bought a pair of runed gloves for 217 gold pieces
 23927 | Lair:5   | Entered Level 5 of the Lair of Beasts
 24038 | Lair:5   | Reached skill level 19 in Shields
 24256 | Lair:5   | Reached XP level 15. HP: 39/134 MP: 12/16
 24520 | Lair:5   | Found a viscous altar of Jiyva.
 24523 | Lair:5   | Found a staircase to the Slime Pits.
 24790 | Lair:5   | Identified the +5 ring mail of Nihilism {rN+++ Int-4 Dex-2
                  | SInv} (Okawaru gifted it to you on level 5 of the Lair of
                  | Beasts)
 24790 | Lair:5   | Received a gift from Okawaru
 26137 | D:14     | Found a gate to the Vaults.
 26301 | D:14     | Found Poxtar's General Store.
 26790 | D:15     | Entered Level 15 of the Dungeon
 26932 | D:15     | Identified the +2 robe of the Ubiquitous God {+Inv rElec}
 27390 | D:15     | Reached skill level 20 in Shields
 27724 | D:15     | Found a staircase to the Depths.
 27726 | D:15     | Noticed a fire giant
 27835 | D:15     | Killed a fire giant
 27920 | D:15     | Noticed Kirke
 27941 | D:15     | Killed Kirke
 27941 | D:15     | Identified the +2 hand crossbow of Jaablomm {penet, +Blink
                  | rElec rN++ Int-2} (Okawaru gifted it to you on level 15 of
                  | the Dungeon)
 27941 | D:15     | Received a gift from Okawaru
 27996 | D:15     | Paralysed by a floating eye for 3 turns
 29264 | D:3      | Killed VerbalBBQ's ghost
 29492 | Elf:1    | Entered Level 1 of the Elven Halls
 29939 | Swamp:1  | Entered Level 1 of the Swamp
 29964 | Swamp:1  | Slain by a bunyip

Illustrated notes

Levels and vault maps discovered:
D:1:      spicycebolla_arrival_xxxplode, layout_basic,
          shapermc_ecumenical_altar_hornbeckon
D:2:      layout_basic, serial_shops, shop, minmay_split_cup_small
D:3:      layout_rooms, hellmonk_ghost_happy_afterlife
D:4:      layout_basic, minmay_temple_entry_statues_fountains, minmay_cupped
D:5:      layout_basic, mainiacjoe_overflow_tiny_flanked
D:6:      layout_basic, uniq_menkaure
D:7:      layout_basic, grunt_decor_resistance, chequers_serial_rivers_room_b,
          hangedman_minor_gate_pass
D:8:      minmay_distorted_concentric_squares, layout_cave_pools,
          serial_column_ruins, column_ruins_square_medium,
          column_ruins_hut_water, column_ruins_columns_straight,
          column_ruins_open_tiny, column_ruins_open_small,
          column_ruins_open_tiny, nicolae_blasting_shop, hex_medium,
          ebering_dispersal_statue_hall, uniq_maggie
D:9:      layout_basic, grunt_lair_entry_orc_guard_hut, enter_bailey_4,
          minmay_fractal_squares_gapless_7, uniq_amaemon, uniq_maurice
D:10:     layout_loops_corners
D:11:     hellmonk_paralyzer, layout_long_grid, david_orc_5
D:12:     layout_irregular_city
D:13:     layout_roguey
D:14:     layout_gridville, david_vaults_2, serial_shops,
          nicolae_shop_behind_doors
D:15:     grunt_enter_depths_giant_problem, layout_layer_cave,
          hangedman_decor_push, uniq_kirke
Temple:   kilobyte_greek_temple
Lair:1:   layout_chaotic_city
Lair:2:   nzn_winding_woodlands_small [nzn_winding_woodlands_5x15_jagged,
          nzn_winding_woodlands_center_pierced_h,
          nzn_winding_woodlands_5x15_river_crossing], layout_cave_pods,
          swamp_mist, serial_rivers, chequers_serial_rivers_large_b,
          chequers_serial_rivers_micro_a, chequers_serial_rivers_large_a,
          chequers_serial_rivers_micro_c, chequers_serial_rivers_small_b
Lair:3:   layout_small_grid, spider_nest_entry_webs
Lair:4:   layout_gridlike, pdpol_lair_cabin_in_the_woods
Lair:5:   guppyfry_lair_end_dragon, layout_regular_city,
          nicolae_slime_entry_slimehenge, st_stairs_11, minivault_26
Swamp:1:  layout_falls_marsh, ebering_ghost_rock_garden,
          evilmike_swamp_ruin_house_3, swamp_pool1
Orc:1:    layout_caves
Orc:2:    pf_orc_diabolical, layout_caves, uniq_erolcha, uniq_nessos
Elf:1:    eino_elf_arrival_sip, layout_onion_city, kennysheep_underground_church

Skill      XL: |  1  2  3  4  5  6  7  8  9 10 11 12 13 14 15 |
---------------+----------------------------------------------+-----
Armour         | 4 5 7 8 9 11 12 13 14 | 14.6
Shields        | 4 5 6 8 10 12 15 17 19 20 | 20.4
Fighting       | 4 5 6 7 8 10 11 12 13 | 13.6
Dodging        | 1 2 3 4 5 6 |  6.1
Long Blades    | 3 4 5 6 8 9 11 13 14 15 16 | 16.8
Stealth        | 1 2 |  2.4
Evocations     | 1 2 |  2.4
Invocations    | 1 2 |  2.8
Maces & Flails | 2 |  2.6

Action                     |  1- 3 |  4- 6 |  7- 9 | 10-12 | 13-15 || total
---------------------------+-------+-------+-------+-------+-------++-------
  Melee: Long sword        |    91 |   159 |   242 |   717 |   894 ||  2103
         Headbutt          |     9 |    33 |    76 |   160 |   392 ||   670
         Falchion          |       |       |   138 |    69 |       ||   207
         Flail             |       |       |       |       |    31 ||    31
         Scimitar          |       |       |       |       |   594 ||   594
 Invoke: Heroism           |       |       |     8 |    13 |     6 ||    27
  Evoke: Wand              |       |       |     5 |     6 |     4 ||    15
    Use: Scroll            |       |     6 |     3 |    13 |     9 ||    31
         Potion            |       |     2 |     1 |     3 |     6 ||    12
   Stab: Paralysed         |       |       |     3 |     3 |       ||     6
 Armour: Scale mail        |    45 |    77 |       |       |       ||   122
         Acid dragon scale |       |       |    52 |       |       ||    52
         Plate armour      |       |       |   129 |   320 |   672 ||  1121
  Dodge: Dodged            |    43 |    99 |   115 |   179 |   379 ||   815
  Block: Buckler           |    15 |    40 |     3 |       |       ||    58
         Tower shield      |       |       |   303 |   721 |  1696 ||  2720
         Reflection        |       |       |       |       |    63 ||    63
